[Event "European Womens-ch 2025"]
[Site "Rhodes"]
[Date "2025.04.02"]
[Round "3.20"]
[White "Mammadova, Gulnar"]
[Black "Gevorgyan, Maria"]
[Result "1/2-1/2"]
[Annotator "RC"]
[ECO "C77"]
[WhiteElo "2342"]
[BlackElo "2234"]
[PlyCount "27"]
[EventDate "2025.03.29"]
[EventType "swiss"]
[EventCountry "GRE"]
[SourceTitle "playchess.com"]
[Source "ChessBase"]
[SourceQuality "1"]
[TimeControl "40/5400+30:1800+30"]

1. e4 e5 2. Nf3 Nc6 3. Bb5 a6 4. Ba4 Nf6 5. Nc3 b5 6. Bb3 Bc5 7. Nd5 d6 8. c3 Nxe4 9. d4 Ba7 10. Qe2 f5 11. Nd2 Nf6 12. Nf3 Ne4 13. Nd2 Nf6 14. Nf3 1/2-1/2

[Event "European Womens-ch 2025"]
[Site "Rhodes"]
[Date "2025.04.02"]
[Round "3.21"]
[White "Savina, Anastasia"]
[Black "Gaboyan, Susanna"]
[Result "1-0"]
[Annotator "RC"]
[ECO "D61"]
[WhiteElo "2331"]
[BlackElo "2200"]
[PlyCount "121"]
[EventDate "2025.03.29"]
[EventType "swiss"]
[EventCountry "GRE"]
[SourceTitle "playchess.com"]
[Source "ChessBase"]
[SourceQuality "1"]
[TimeControl "40/5400+30:1800+30"]

1. d4 Nf6 2. c4 e6 3. Nc3 d5 4. Bg5 Be7 5. e3 O-O 6. Nf3 Nbd7 7. Qc2 c6 8. Bd3 h6 9. Bh4 dxc4 10. Bxc4 b5 11. Be2 a6 12. Rd1 Qa5 13. O-O b4 14. Na4 Bb7 15. Nd2 Nd5 16. Nc4 Qd8 17. Bxe7 Nxe7 18. Nc5 Nxc5 19. dxc5 Qc7 20. g3 a5 21. Nb6 Rad8 22. e4 Nc8 23. Na4 Rxd1 24. Rxd1 Rd8 25. Rd2 Kf8 26. Qd1 Ke7 27. Rxd8 Qxd8 28. Qxd8+ Kxd8 29. f4 f6 30. Kf2 e5 31. Ke3 Ne7 32. Nb6 Nc8 33. Nc4 exf4+ 34. gxf4 a4 35. Na5 Kc7 36. Bd1 a3 37. bxa3 bxa3 38. Nc4 f5 39. e5 Ne7 40. Bf3 g5 41. Nxa3 Bc8 42. Nc2 Ng6 43. fxg5 hxg5 44. Kd4 g4 45. Be2 f4 46. Ke4 g3 47. hxg3 fxg3 48. Ne3 Be6 49. a4 Nh4 50. Bf1 g2 51. Bxg2 Nxg2 52. Nxg2 Bd5+ 53. Kf5 Bxg2 54. Ke6 Bd5+ 55. Ke7 Bb3 56. e6 Kc8 57. Kd6 Kd8 58. a5 Bc4 59. Kxc6 Bxe6 60. a6 Bg4 61. Kb6 1-0

[Event "European Womens-ch 2025"]
[Site "Rhodes"]
[Date "2025.04.02"]
[Round "3.22"]
[White "Toncheva, Nadya"]
[Black "Mamedjarova, Turkan"]
[Result "1-0"]
[Annotator "RC"]
[ECO "D36"]
[WhiteElo "2329"]
[BlackElo "2206"]
[PlyCount "157"]
[EventDate "2025.03.29"]
[EventType "swiss"]
[EventCountry "GRE"]
[SourceTitle "playchess.com"]
[Source "ChessBase"]
[SourceQuality "1"]
[TimeControl "40/5400+30:1800+30"]

1. d4 d5 2. c4 e6 3. Nc3 Nf6 4. cxd5 exd5 5. Bg5 Be7 6. e3 c6 7. Bd3 Nbd7 8. Qc2 O-O 9. h3 Re8 10. Nf3 Nf8 11. O-O Ne4 12. Bf4 Nxc3 13. bxc3 Bd6 14. Bxd6 Qxd6 15. c4 dxc4 16. Bxc4 Be6 17. Bd3 h6 18. e4 Rac8 19. Rab1 b6 20. Rfc1 Bd7 21. Ba6 Rcd8 22. e5 Qe7 23. a4 Be6 24. Bd3 Bd5 25. Be4 Ne6 26. a5 bxa5 27. Bxd5 cxd5 28. Qa4 Nf4 29. Rc5 Qe6 30. Qc2 Rc8 31. Rbb5 a4 32. Kh2 a3 33. Ra5 Rxc5 34. Qxc5 Qg6 35. g3 Nd3 36. Qxd5 Nxf2 37. Nh4 Qc2 38. Ng2 Qc1 39. g4 Qh1+ 40. Kg3 Qg1 41. h4 Rc8 42. Rxa3 Rc2 43. Qa8+ Kh7 44. Qf3 Nh1+ 45. Kh3 Nf2+ 46. Kg3 Nh1+ 47. Kh3 Rf2 48. Qe4+ g6 49. h5 Rf1 50. hxg6+ Kg7 51. Qd5 Rf4 52. Rf3 Nf2+ 53. Rxf2 Rxf2 54. gxf7 Qf1 55. e6 Qd3+ 56. Kh2 Qe2 57. Qa8 Rxg2+ 58. Qxg2 Qe3 59. f8=Q+ Kxf8 60. Qa8+ Kg7 61. Qxa7+ Kh8 62. Qb8+ Kh7 63. Qc7+ Kg8 64. Qf7+ Kh8 65. Qf6+ Kh7 66. Qf5+ Kg8 67. Qg6+ Kh8 68. Qf6+ Kh7 69. Qf5+ Kg8 70. d5 Qe2+ 71. Kg3 Qe1+ 72. Qf2 Qe5+ 73. Kh3 Qc3+ 74. Kg2 Qc4 75. Qf3 Qc2+ 76. Kh3 Qc5 77. d6 Qxd6 78. Qf7+ Kh8 79. Qe8+ 1-0

[Event "European Womens-ch 2025"]
[Site "Rhodes"]
[Date "2025.04.02"]
[Round "3.23"]
[White "Antolak, Julia"]
[Black "Khachatryan, Anna"]
[Result "1-0"]
[Annotator "RC"]
[ECO "B22"]
[WhiteElo "2314"]
[BlackElo "2091"]
[PlyCount "55"]
[EventDate "2025.03.29"]
[EventType "swiss"]
[EventCountry "GRE"]
[SourceTitle "playchess.com"]
[Source "ChessBase"]
[SourceQuality "1"]
[TimeControl "40/5400+30:1800+30"]

1. e4 c5 2. c3 d5 3. exd5 Qxd5 4. d4 Nf6 5. Nf3 e6 6. Na3 a6 7. Nc4 Nbd7 8. Be2 Be7 9. O-O O-O 10. a4 Rd8 11. a5 Qc6 12. Bf4 Nd5 13. Bg3 Bf6 14. Qb3 cxd4 15. cxd4 b5 16. axb6 a5 17. Nxa5 Qxb6 18. Qxb6 N7xb6 19. Nc6 Rxa1 20. Rxa1 Re8 21. Ra7 Bd7 22. Nce5 Rd8 23. Nxd7 Nxd7 24. Rb7 N7b6 25. Ne5 Rc8 26. h3 g6 27. Nxf7 Bxd4 28. Bg4 1-0

[Event "European Womens-ch 2025"]
[Site "Rhodes"]
[Date "2025.04.02"]
[Round "3.24"]
[White "Hapala, Elisabeth"]
[Black "Zimina, Olga"]
[Result "1/2-1/2"]
[Annotator "RC"]
[ECO "C65"]
[WhiteElo "2092"]
[BlackElo "2293"]
[PlyCount "104"]
[EventDate "2025.03.29"]
[EventType "swiss"]
[EventCountry "GRE"]
[SourceTitle "playchess.com"]
[Source "ChessBase"]
[SourceQuality "1"]
[TimeControl "40/5400+30:1800+30"]

1. e4 e5 2. Nf3 Nc6 3. Bb5 Nf6 4. d3 Bc5 5. Bxc6 dxc6 6. O-O Qe7 7. Nbd2 Nd7 8. Nc4 Bd6 9. Bd2 f6 10. Nh4 Nb6 11. Na5 g6 12. Kh1 f5 13. Nf3 fxe4 14. dxe4 Bg4 15. h3 Bxf3 16. Qxf3 O-O-O 17. Qg4+ Rd7 18. Bg5 Qe8 19. Rad1 h6 20. Be3 h5 21. Qe2 Qe6 22. Bxb6 axb6 23. Nc4 Rhd8 24. Nxd6+ Rxd6 25. a3 b5 26. Kg1 Qc4 27. Qxc4 bxc4 28. Rxd6 cxd6 29. f4 exf4 30. Rxf4 Re8 31. Kf2 Re6 32. Kf3 Kc7 33. g4 hxg4+ 34. hxg4 Kb6 35. g5 Re5 36. Rf6 Rxg5 37. Rxd6 Kc7 38. Rf6 Rb5 39. Rxg6 Rxb2 40. Rg2 Kd6 41. Ke3 b5 42. Kd4 c5+ 43. Kc3 Ra2 44. Rg6+ Kc7 45. Ra6 b4+ 46. Kxc4 Rxc2+ 47. Kb3 Rc3+ 48. Kb2 Rc4 49. axb4 Rxb4+ 50. Kc3 Rxe4 51. Rh6 Rd4 52. Rg6 Rd6 1/2-1/2

[Event "European Womens-ch 2025"]
[Site "Rhodes"]
[Date "2025.04.02"]
[Round "3.25"]
[White "Doluhanova, Evgeniya"]
[Black "Ibrahimova, Sabina"]
[Result "0-1"]
[Annotator "RC"]
[ECO "D00"]
[WhiteElo "2287"]
[BlackElo "2199"]
[PlyCount "62"]
[EventDate "2025.03.29"]
[EventType "swiss"]
[EventCountry "GRE"]
[SourceTitle "playchess.com"]
[Source "ChessBase"]
[SourceQuality "1"]
[TimeControl "40/5400+30:1800+30"]

1. d4 d5 2. c3 Nf6 3. Bf4 e6 4. e3 c5 5. Nd2 Bd6 6. Ngf3 cxd4 7. Bxd6 dxc3 8. Ba3 cxd2+ 9. Qxd2 Nc6 10. Bb5 Bd7 11. Bxc6 Bxc6 12. O-O Ne4 13. Qb4 a5 14. Qd4 f6 15. Qd3 Kf7 16. Nd4 e5 17. Nxc6 bxc6 18. Rac1 Qd7 19. Rfd1 Rhd8 20. f3 Ng5 21. h4 Ne6 22. Qxh7 Rh8 23. Qc2 Rac8 24. Qa4 Qa7 25. Kf2 d4 26. Qb3 a4 27. Qd3 Rxh4 28. Kg3 e4 29. Qc4 Qb8+ 30. Kf2 dxe3+ 31. Kf1 Qg3 0-1

[Event "European Womens-ch 2025"]
[Site "Rhodes"]
[Date "2025.04.02"]
[Round "3.26"]
[White "Injac, Teodora"]
[Black "Piddubna, Bozhena"]
[Result "1-0"]
[Annotator "TA"]
[ECO "A45"]
[WhiteElo "2454"]
[BlackElo "2145"]
[PlyCount "105"]
[EventDate "2025.03.29"]
[EventType "swiss"]
[EventCountry "GRE"]
[SourceTitle "playchess.com"]
[Source "ChessBase"]
[SourceQuality "1"]
[TimeControl "40/5400+30:1800+30"]

1. d4 Nf6 2. Bg5 e6 3. Nd2 Be7 4. e4 d6 5. Ngf3 O-O 6. Bd3 {[%emt 0:03:00] A45: Trompowsky Attack.} Nbd7 7. h3 e5 8. c3 {[%emt 0:00:43] The position is equal.} a5 $146 (8... exd4 $11 9. cxd4 Nxe4 10. Bxe7 (10. Nxe4 d5 $11) 10... Qxe7) (8... Nh5 9. Be3 g6 10. Qc2 Bf6 11. g4 Nf4 12. Bxf4 exf4 13. O-O-O c5 14. Kb1 a6 15. Nc4 Qc7 16. Nxd6 Qxd6 {1-0 Malka,S (2231)-Seletsky,G (2272) Titled Tuesday intern op 06th July blitz 2021 (6)}) 9. Be3 b6 10. O-O Ba6 11. Bxa6 Rxa6 12. a4 Qa8 13. Re1 Re8 14. Qb3 Qb7 (14... Nxe4 $2 15. Nxe4 d5 (15... Qxe4 $2 16. Qb5 $18) 16. Ng3 $18 (16. Nxe5 Nxe5 17. dxe5 dxe4 $18)) 15. Rad1 Raa8 16. Qb5 Bf8 17. Bg5 exd4 18. cxd4 (18. Nxd4 $2 Re5 (18... Nxe4 $2 19. Nxe4 Ne5 20. Re3 $18) 19. Qf1 Rxg5 $19) 18... h6 {[%emt 0:00:46] [#] White must now prevent ...c6.} 19. Bh4 (19. Bf4 $5) 19... d5 20. e5 c6 21. Qd3 Nh7 22. Bg3 Bb4 23. Nh4 Ng5 24. Nf5 Re6 (24... Ne6 $11 {keeps the balance.}) 25. h4 $16 {[%emt 0:02:46][%cal Bh3h4,Bh4h5][%mdl 32] White leaves nothing to chance now.} Bxd2 (25... Nh7 $16 26. h5 b5) 26. Qxd2 $18 (26. Nd6 Rxd6 27. Rxd2 Re6 28. hxg5 hxg5 $16) 26... Ne4 {[%emt 0:00:06] [#]} 27. Qf4 Nf8 28. h5 f6 29. Bh4 fxe5 30. dxe5 {[%emt 0:00:02][%csl Oe5] White has a strong passed pawn} Qf7 (30... Rae8 {was called for.} 31. f3 Ng5 32. Bxg5 (32. Nd6 Qd7 $18) 32... hxg5 33. Qxg5 Nh7) 31. Qg4 Kh8 32. f3 Nc5 33. Nd6 (33. f4 $18) 33... Qd7 $16 34. Rd4 $36 {[%emt 0:04:09][%mdl 2048] White is really pushing.} Nb7 35. Nf5 {[%emt 0:01:19] White is much more active.} Rae8 36. f4 Qf7 {[%emt 0:00:52] Black is weak on the dark squares} (36... Nc5 $142 37. Re3 Kh7) 37. Rdd1 $18 Rc8 $2 (37... Nd7 38. Nd4 Nxe5) 38. Nd4 Ree8 39. f5 Nc5 (39... Nh7 40. Ne6 Nc5) 40. e6 Qg8 41. Nf3 Ne4 42. Ne5 {[%emt 0:03:50] Nf7+ is the strong threat.} Rc7 43. Rxe4 dxe4 44. Qxe4 b5 45. Rd8 Nxe6 46. Ng6+ Kh7 47. fxe6 Rxd8 48. Ne7+ Kh8 49. Nxg8 Rxg8 50. e7 {[%emt 0:00:41] White mates.} Re8 51. Qe6 bxa4 52. Qf7 Rcc8 53. Bg3 {[%emt 0:00:02] Weighted Error Value: White=0.12 (very precise) /Black=0.62  Mistake:       	White=1     	Black=7      Inaccurate:     	White=1     	Black=1      OK:         	White=14    	Black=16     Best:        	White=1     	Black=2} 1-0

[Event "European Womens-ch 2025"]
[Site "Rhodes"]
[Date "2025.04.02"]
[Round "3.27"]
[White "Cornileau, Juliette"]
[Black "Kulon, Klaudia"]
[Result "0-1"]
[Annotator "RC"]
[ECO "D35"]
[WhiteElo "2130"]
[BlackElo "2401"]
[PlyCount "72"]
[EventDate "2025.03.29"]
[EventType "swiss"]
[EventCountry "GRE"]
[SourceTitle "playchess.com"]
[Source "ChessBase"]
[SourceQuality "1"]
[TimeControl "40/5400+30:1800+30"]

1. d4 Nf6 2. c4 e6 3. Nc3 d5 4. cxd5 Nxd5 5. e4 Nxc3 6. bxc3 c5 7. Rb1 cxd4 8. cxd4 Be7 9. Bb5+ Bd7 10. Bd3 Nc6 11. Nf3 Nb4 12. Ne5 O-O 13. O-O a6 14. Bc4 Rc8 15. a3 b5 16. Bb3 Nc6 17. Nxc6 Bxc6 18. Re1 Bf6 19. Bb2 Re8 20. h3 Qa5 21. Qg4 Rcd8 22. Red1 Bb7 23. d5 Bxb2 24. dxe6 Rxd1+ 25. Qxd1 fxe6 26. Qd7 Rf8 27. Rxb2 Qxa3 28. Bxe6+ Kh8 29. Rd2 Bxe4 30. Qd4 Bb7 31. Rc2 Qe7 32. Qb6 Be4 33. Re2 Ba8 34. Qxa6 Qg5 35. g3 Qc1+ 36. Kh2 Qh1# 0-1

[Event "European Womens-ch 2025"]
[Site "Rhodes"]
[Date "2025.04.02"]
[Round "3.28"]
[White "Daulyte-Cornette, Deimante"]
[Black "Berke, Ana"]
[Result "1-0"]
[Annotator "RC"]
[ECO "B51"]
[WhiteElo "2389"]
[BlackElo "2119"]
[PlyCount "45"]
[EventDate "2025.03.29"]
[EventType "swiss"]
[EventCountry "GRE"]
[SourceTitle "playchess.com"]
[Source "ChessBase"]
[SourceQuality "1"]
[TimeControl "40/5400+30:1800+30"]

1. e4 c5 2. Nf3 Nc6 3. Bb5 d6 4. O-O Nf6 5. e5 Nd5 6. d4 Bg4 7. h3 Bh5 8. c4 Nc7 9. g4 Bg6 10. d5 Nxb5 11. dxc6 Nc7 12. cxb7 Rb8 13. Qa4+ Qd7 14. Qxa7 Qd8 15. Nc3 h5 16. Re1 Ne6 17. Nd5 hxg4 18. hxg4 Rh3 19. Bd2 Rxf3 20. Ba5 Rxb7 21. Qxb7 Qxa5 22. Qc6+ Kd8 23. Nb6 1-0

[Event "European Womens-ch 2025"]
[Site "Rhodes"]
[Date "2025.04.02"]
[Round "3.29"]
[White "Fataliyeva, Ulviyya"]
[Black "Paasikangas, Johanna"]
[Result "1-0"]
[Annotator "RC"]
[ECO "D02"]
[WhiteElo "2387"]
[BlackElo "2106"]
[PlyCount "49"]
[EventDate "2025.03.29"]
[EventType "swiss"]
[EventCountry "GRE"]
[SourceTitle "playchess.com"]
[Source "ChessBase"]
[SourceQuality "1"]
[TimeControl "40/5400+30:1800+30"]

1. d4 d5 2. Nf3 e6 3. Bf4 Nf6 4. c3 Bd6 5. e3 O-O 6. Nbd2 b6 7. Ne5 c5 8. h4 Ne4 9. Nxe4 dxe4 10. dxc5 Bxc5 11. Qc2 Bb7 12. h5 Qe8 13. Nc4 Qc6 14. h6 g6 15. Ne5 Qe8 16. O-O-O f6 17. Nc4 e5 18. Qb3 Kh8 19. Nxe5 fxe5 20. Rd8 Nd7 21. Rxe8 Raxe8 22. Bg3 a6 23. Bc4 Nf6 24. Be6 Bd6 25. Bf7 1-0

[Event "European Womens-ch 2025"]
[Site "Rhodes"]
[Date "2025.04.02"]
[Round "3.30"]
[White "Atalik, Ekaterina"]
[Black "Tsetskhladze, Mariam"]
[Result "1-0"]
[Annotator "RC"]
[ECO "D28"]
[WhiteElo "2375"]
[BlackElo "2105"]
[PlyCount "67"]
[EventDate "2025.03.29"]
[EventType "swiss"]
[EventCountry "GRE"]
[SourceTitle "playchess.com"]
[Source "ChessBase"]
[SourceQuality "1"]
[TimeControl "40/5400+30:1800+30"]

1. d4 d5 2. c4 dxc4 3. Nf3 Nf6 4. e3 e6 5. Bxc4 c5 6. O-O Nc6 7. Qe2 a6 8. Rd1 b5 9. dxc5 Qc7 10. Bd3 Bxc5 11. a3 O-O 12. b4 Be7 13. Bb2 Bd7 14. Nbd2 Rfd8 15. Rac1 Qb6 16. Ng5 h6 17. Nge4 Nxe4 18. Nxe4 e5 19. Nc5 Be8 20. Qg4 g6 21. f4 Bf6 22. f5 Ne7 23. fxg6 Nxg6 24. h4 h5 25. Qxh5 Bg7 26. Qg4 Qf6 27. h5 Nf8 28. Qg3 Bc6 29. Rf1 Qd6 30. Rcd1 Bd5 31. Be4 Qc6 32. Bxd5 Rxd5 33. Rxd5 Qxd5 34. h6 1-0

[Event "European Womens-ch 2025"]
[Site "Rhodes"]
[Date "2025.04.02"]
[Round "3.31"]
[White "Koridze, Lile"]
[Black "Gaponenko, Inna"]
[Result "0-1"]
[Annotator "RC"]
[ECO "E92"]
[WhiteElo "2115"]
[BlackElo "2349"]
[PlyCount "68"]
[EventDate "2025.03.29"]
[EventType "swiss"]
[EventCountry "GRE"]
[SourceTitle "playchess.com"]
[Source "ChessBase"]
[SourceQuality "1"]
[TimeControl "40/5400+30:1800+30"]

1. d4 Nf6 2. c4 g6 3. Nc3 Bg7 4. e4 d6 5. Nf3 O-O 6. Be2 e5 7. d5 a5 8. Bg5 h6 9. Be3 Ng4 10. Bd2 f5 11. h3 Nf6 12. exf5 gxf5 13. Qc1 f4 14. g3 e4 15. Nh4 e3 16. fxe3 fxg3 17. Ng6 Re8 18. Nf4 Na6 19. Qc2 Re5 20. Rg1 Bf5 21. Qd1 Nc5 22. Bf3 Nd3+ 23. Nxd3 Bxd3 24. Rxg3 Nh7 25. Bg2 Rg5 26. Qf3 Be5 27. Rxg5+ Qxg5 28. e4 Qh4+ 29. Kd1 Bxc4 30. Qe3 Rf8 31. Kc2 Rf2 32. Rg1 Bf4 33. Qxf4 Rxf4 34. Bxf4 Qf2+ 0-1

[Event "European Womens-ch 2025"]
[Site "Rhodes"]
[Date "2025.04.02"]
[Round "3.32"]
[White "Deak-Sala, Emilia"]
[Black "Zawadzka, Jolanta"]
[Result "1/2-1/2"]
[Annotator "RC"]
[ECO "A38"]
[WhiteElo "2112"]
[BlackElo "2326"]
[PlyCount "114"]
[EventDate "2025.03.29"]
[EventType "swiss"]
[EventCountry "GRE"]
[SourceTitle "playchess.com"]
[Source "ChessBase"]
[SourceQuality "1"]
[TimeControl "40/5400+30:1800+30"]

1. Nf3 Nf6 2. g3 g6 3. b3 Bg7 4. Bb2 O-O 5. Bg2 c5 6. c4 d6 7. O-O e5 8. Nc3 Nc6 9. d3 h6 10. e4 Be6 11. h3 Nh7 12. Nd5 Qd7 13. Kh2 f5 14. Nh4 Qf7 15. exf5 gxf5 16. Rb1 Nf6 17. Nxf6+ Bxf6 18. f4 Bxh4 19. gxh4 Nd4 20. b4 Qf6 21. bxc5 dxc5 22. Bxd4 cxd4 23. Qe1 exf4 24. Rxf4 Rae8 25. Rxb7 Bc8 26. Qg3+ Kh8 27. Rb2 Re3 28. Qf2 Rfe8 29. h5 Bd7 30. Rf3 f4 31. Rxf4 Qe5 32. Qh4 Rf8 33. Rbf2 Rxd3 34. Kh1 Rd1+ 35. Kh2 Rd3 36. Kh1 Rd1+ 37. Kh2 Be6 38. Qg3 Rg8 39. Qf3 Re1 40. Qd3 Rc1 41. Qxd4 Qxd4 42. Rxd4 Kg7 43. Rd6 Re1 44. Rxe6 Rxe6 45. Bd5 Rge8 46. Bxe6 Rxe6 47. Rc2 Kf6 48. Kg3 Re5 49. c5 Ke7 50. c6 Kd8 51. c7+ Kc8 52. Rc6 Rxh5 53. h4 Ra5 54. Rc2 Ra4 55. Kh3 h5 56. Kg3 Rg4+ 57. Kh3 Ra4 1/2-1/2

[Event "European Womens-ch 2025"]
[Site "Rhodes"]
[Date "2025.04.02"]
[Round "3.33"]
[White "Zagorac, Lara"]
[Black "Zhukova, Natalia"]
[Result "0-1"]
[Annotator "RC"]
[ECO "D02"]
[WhiteElo "2106"]
[BlackElo "2306"]
[PlyCount "190"]
[EventDate "2025.03.29"]
[EventType "swiss"]
[EventCountry "GRE"]
[SourceTitle "playchess.com"]
[Source "ChessBase"]
[SourceQuality "1"]
[TimeControl "40/5400+30:1800+30"]

1. d4 Nf6 2. Nf3 e6 3. Bf4 c5 4. e3 Nc6 5. c3 d5 6. Nbd2 cxd4 7. exd4 Nh5 8. Be3 Bd6 9. Ne5 Nf6 10. f4 Qb6 11. Qb3 Ng8 12. Qxb6 axb6 13. Bd3 f6 14. Nef3 Nh6 15. h3 Nf5 16. Bxf5 exf5 17. Kf2 Kf7 18. Ne1 Bd7 19. Nd3 Ne7 20. Nf3 Nc8 21. a3 Be7 22. Rhe1 Nd6 23. Nd2 h6 24. Nb4 Be6 25. g3 Ke8 26. h4 Kd7 27. h5 Bf7 28. Rh1 Nc4 29. Nxc4 dxc4 30. Nc2 Bd5 31. Rhg1 Be4 32. Ne1 Ra5 33. Rd1 Re8 34. Nf3 Bf8 35. Bc1 Bd5 36. Rde1 Raa8 37. Nd2 Bf7 38. Rh1 Rxe1 39. Kxe1 Kc6 40. Nf1 Bd5 41. Rh2 b5 42. Ne3 Be4 43. Kd2 Bd6 44. Ke1 Kd7 45. Ke2 Bd3+ 46. Kd2 Be4 47. Ke2 Re8 48. Ke1 Kc6 49. Kd1 Kb6 50. Bd2 Ka5 51. Bc1 Bd3 52. Kd2 Be4 53. Kd1 Ka4 54. Bd2 Kb3 55. Bc1 Bd3 56. Kd2 Rg8 57. Ke1 g6 58. hxg6 Rxg6 59. Rh3 Ka2 60. Kf2 Be4 61. Ng2 Kb1 62. Rh1 h5 63. Bd2+ Kxb2 64. Rxh5 Kc2 65. Be1 Bxg2 66. Kxg2 Bxa3 67. Rxf5 Bb2 68. Rxb5 Bxc3 69. Bxc3 Kxc3 70. Rxb7 Kd2 71. Rc7 c3 72. Rc6 c2 73. Kf3 f5 74. Rxg6 c1=Q 75. Kg2 Qc4 76. Kh3 Qf7 77. Rb6 Ke3 78. Kh4 Kf3 79. Kg5 Ke4 80. Rf6 Qg8+ 81. Rg6 Qb3 82. Kf6 Qd5 83. Rg5 Qd7 84. Kg6 Qd6+ 85. Kh5 Qxd4 86. Kg6 Qh8 87. Kf7 Qc8 88. Kg6 Qf8 89. Kh5 Qf7+ 90. Kh4 Kf3 91. g4 fxg4 92. f5 Qh7+ 93. Rh5 Qe7+ 94. Rg5 Kf4 95. f6 Qxf6 0-1

[Event "European Womens-ch 2025"]
[Site "Rhodes"]
[Date "2025.04.02"]
[Round "3.34"]
[White "Vidic, Teja"]
[Black "Kochavi, Dana"]
[Result "0-1"]
[Annotator "RC"]
[ECO "B31"]
[WhiteElo "2100"]
[BlackElo "2301"]
[PlyCount "62"]
[EventDate "2025.03.29"]
[EventType "swiss"]
[EventCountry "GRE"]
[SourceTitle "playchess.com"]
[Source "ChessBase"]
[SourceQuality "1"]
[TimeControl "40/5400+30:1800+30"]

1. e4 c5 2. Nf3 Nc6 3. Bb5 g6 4. Bxc6 bxc6 5. O-O Bg7 6. Re1 Nh6 7. c3 O-O 8. h3 f5 9. e5 Nf7 10. d4 cxd4 11. cxd4 c5 12. Be3 Bb7 13. Nbd2 cxd4 14. Bxd4 Bd5 15. Nb3 g5 16. Nc5 e6 17. Nh2 Nh8 18. Nf1 Ng6 19. Nd3 Nh4 20. Ne3 Bc6 21. Rc1 f4 22. Rxc6 dxc6 23. Nc2 a5 24. Re4 Qd5 25. Qe1 c5 26. Nxc5 Rfc8 27. b4 Qxa2 28. Na1 Qd5 29. Nab3 axb4 30. Qxb4 Rab8 31. Qe1 Rxb3 0-1

[Event "European Womens-ch 2025"]
[Site "Rhodes"]
[Date "2025.04.02"]
[Round "3.35"]
[White "Sivanandan, Bodhana"]
[Black "Smietanska, Wiktoria"]
[Result "1/2-1/2"]
[Annotator "RC"]
[ECO "B11"]
[WhiteElo "2073"]
[BlackElo "2254"]
[PlyCount "101"]
[EventDate "2025.03.29"]
[EventType "swiss"]
[EventCountry "GRE"]
[SourceTitle "playchess.com"]
[Source "ChessBase"]
[SourceQuality "1"]
[TimeControl "40/5400+30:1800+30"]

1. e4 c6 2. Nc3 d5 3. Nf3 Bg4 4. h3 Bxf3 5. Qxf3 Nf6 6. Be2 e6 7. O-O d4 8. Nb1 Nbd7 9. d3 Bd6 10. Bf4 e5 11. Bd2 h5 12. c3 Qb6 13. b3 Qc7 14. h4 O-O-O 15. Qg3 g6 16. f4 dxc3 17. Nxc3 Ng4 18. Rac1 exf4 19. Bxf4 Bxf4 20. Qxf4 Qxf4 21. Rxf4 Nde5 22. Rd1 Rd4 23. Bxg4+ hxg4 24. Ne2 Rxd3 25. Rxd3 Nxd3 26. Rxf7 Rxh4 27. Rg7 Nc5 28. Rxg6 Nxe4 29. g3 Rh5 30. Rxg4 Re5 31. Kf1 c5 32. Nf4 Nc3 33. a4 Nb1 34. Nd3 Nd2+ 35. Kg1 Rf5 36. Rg8+ Kc7 37. g4 Rd5 38. Nc1 c4 39. bxc4 Nxc4 40. Kf2 Nb2 41. g5 Nxa4 42. g6 Nc5 43. Ne2 Ne6 44. Re8 Kd7 45. Rxe6 Kxe6 46. Nf4+ Kf6 47. Nxd5+ Kxg6 48. Ke3 Kf5 49. Kd4 Ke6 50. Kc5 a5 51. Nb6 1/2-1/2

[Event "European Womens-ch 2025"]
[Site "Rhodes"]
[Date "2025.04.02"]
[Round "3.36"]
[White "Grapsa, Georgia"]
[Black "Schneider, Jana"]
[Result "0-1"]
[Annotator "RC"]
[ECO "E01"]
[WhiteElo "2065"]
[BlackElo "2251"]
[PlyCount "49"]
[EventDate "2025.03.29"]
[EventType "swiss"]
[EventCountry "GRE"]
[SourceTitle "playchess.com"]
[Source "ChessBase"]
[SourceQuality "1"]
[TimeControl "40/5400+30:1800+30"]

1. d4 d5 2. c4 e6 3. Nf3 Nf6 4. g3 Bb4+ 5. Bd2 Bd6 6. Nc3 O-O 7. Qc2 Be7 8. e4 c5 9. e5 cxd4 10. Nxd4 Ng4 11. Bf4 f6 12. Nf3 fxe5 13. Nxe5 Nxe5 14. Bxe5 Nc6 15. f4 Nxe5 16. fxe5 dxc4 17. Qd2 Bd7 18. Bxc4 Rc8 19. Bb3 Rc5 20. Qe2 Bb5 21. Nxb5 Qa5+ 22. Kd1 Rd8+ 23. Nd6 Bxd6 24. Bxe6+ Kh8 25. Rf1 0-1

[Event "European Womens-ch 2025"]
[Site "Rhodes"]
[Date "2025.04.02"]
[Round "3.37"]
[White "Wikar, Martyna"]
[Black "Rida, Ruqayyah"]
[Result "0-1"]
[Annotator "RC"]
[ECO "C77"]
[WhiteElo "2239"]
[BlackElo "2065"]
[PlyCount "80"]
[EventDate "2025.03.29"]
[EventType "swiss"]
[EventCountry "GRE"]
[SourceTitle "playchess.com"]
[Source "ChessBase"]
[SourceQuality "1"]
[TimeControl "40/5400+30:1800+30"]

1. e4 e5 2. Nf3 Nc6 3. Bb5 a6 4. Ba4 Nf6 5. Nc3 b5 6. Bb3 Bc5 7. Nd5 d6 8. c3 h6 9. d4 Ba7 10. h3 Bb7 11. O-O O-O 12. Re1 Nxd5 13. Bxd5 Qf6 14. Be3 Rad8 15. a4 Bb6 16. axb5 axb5 17. dxe5 dxe5 18. Bxb6 cxb6 19. Qb3 Bc8 20. Qxb5 Ne7 21. Nxe5 Kh7 22. Bc4 Ng6 23. Nxg6 fxg6 24. Re2 Bd7 25. Qb3 Rde8 26. Bd5 Re5 27. c4 g5 28. Ra7 Bc8 29. Qg3 h5 30. b4 h4 31. Qe3 g4 32. hxg4 Bxg4 33. Rd2 h3 34. Qg3 Rg5 35. Qh4+ Bh5 36. Qxh3 Qf4 37. Raa2 Rf6 38. Qh2 Qxh2+ 39. Kxh2 Bf3 40. Be6 Rxg2+ 0-1

[Event "European Womens-ch 2025"]
[Site "Rhodes"]
[Date "2025.04.02"]
[Round "3.38"]
[White "Huseynova, Lala"]
[Black "Rudzinska, Michalina"]
[Result "1-0"]
[Annotator "RC"]
[ECO "B15"]
[WhiteElo "2065"]
[BlackElo "2223"]
[PlyCount "171"]
[EventDate "2025.03.29"]
[EventType "swiss"]
[EventCountry "GRE"]
[SourceTitle "playchess.com"]
[Source "ChessBase"]
[SourceQuality "1"]
[TimeControl "40/5400+30:1800+30"]

1. e4 c6 2. d4 d5 3. Nc3 dxe4 4. Nxe4 Nf6 5. Nxf6+ exf6 6. Be3 Bd6 7. Bd3 Na6 8. a3 O-O 9. Ne2 Nc7 10. c4 Re8 11. O-O f5 12. Qd2 h6 13. g3 Qf6 14. Nc3 Be6 15. f4 Rad8 16. b3 g6 17. Rfe1 Be7 18. Ne2 Qg7 19. Qa5 Na6 20. Rad1 Bf6 21. Bf2 Rd7 22. b4 Red8 23. b5 cxb5 24. cxb5 Nc7 25. Qxa7 Bd5 26. Rc1 Ra8 27. Qb6 Ne6 28. Nc3 Bd8 29. Nxd5 Bxb6 30. Nxb6 Rad8 31. Nxd7 Rxd7 32. Rc8+ Kh7 33. d5 Nd4 34. Ree8 Rxd5 35. Bc4 Rd7 36. Red8 Rxd8 37. Rxd8 Nf3+ 38. Kg2 Qc3 39. Be2 Ne1+ 40. Kf1 Nc2 41. Rd7 Qb3 42. Rxb7 Qd5 43. Re7 Qh1+ 44. Bg1 Ne1 45. Re3 g5 46. a4 gxf4 47. gxf4 Qg2+ 48. Kxe1 Qxg1+ 49. Kd2 Qxh2 50. Rf3 Qg1 51. Rb3 Qd4+ 52. Kc2 Qf2 53. Kd1 Qxf4 54. b6 Qxa4 55. Kc2 Qc6+ 56. Kb1 Qh1+ 57. Kc2 Qc6+ 58. Kb1 Qe6 59. Bd1 Qe1 60. Kc1 Qe5 61. b7 Qb8 62. Bf3 Kg6 63. Rc3 Qf4+ 64. Kc2 Kg5 65. Rc8 Qa4+ 66. Kd3 Qb5+ 67. Kd4 Qb6+ 68. Kc4 Qa6+ 69. Kc5 Qa3+ 70. Kb6 Qb3+ 71. Kc5 Qa3+ 72. Kc4 Qa6+ 73. Kd4 Qb6+ 74. Kd3 Qb5+ 75. Kd2 Qb4+ 76. Ke2 Qb2+ 77. Kf1 Qb1+ 78. Kg2 Qb2+ 79. Kh3 Qf2 80. b8=Q Qxf3+ 81. Qg3+ Qg4+ 82. Qxg4+ fxg4+ 83. Kg3 Kh5 84. Rg8 f5 85. Kf4 g3 86. Rxg3 1-0